 Dungeon Crawl Stone Soup version 0.28.0-43-g3370ac3207 (webtiles) character file.

Game seed: 17946922322282593212

39 cbfl8 the Sneak (level 3, 0/33 HPs)
             Began as a Minotaur Delver on Feb 28, 2022.
             Succumbed to a scorpion's poison
             ... on level 6 of the Dungeon.
             The game lasted 00:00:20 (150 turns).

cbfl8 the Sneak (Minotaur Delver)                    Turns: 150, Time: 00:00:20

Health: 0/33       AC:  3    Str: 18    XL:     3   Next: 28%
Magic:  2/2        EV: 12    Int:  7    God:
Gold:   0          SH:  0    Dex: 11    Spells: 2/2 levels left

rFire   . . .      SeeInvis .   a - +0 hand axe
rCold   . . .      Faith    .   (no shield)
rNeg    . . .      Spirit   .   b - +0 leather armour
rPois   .          Reflect  .   (helmet restricted)
rElec   .          Harm     .   (no cloak)
rCorr   .          Rampage  .   (no gloves)
Will    .....                   (no boots)
Stlth   ++........              (no amulet)
HPRegen 0.11/turn               (no ring)
MPRegen 0.08/turn               (no ring)

@: lethally poisoned (0 -> -11)
A: horns 2, retaliatory headbutt
a: no special abilities


You were on level 6 of the Dungeon.
You visited 1 branch of the dungeon, and saw 2 of its levels.

Inventory:

Hand Weapons
 a - a +0 hand axe (weapon)
Armour
 b - a +0 leather armour (worn)
Wands
 g - a wand of digging (3)
Scrolls
 c - a scroll of fog
 e - a scroll of fear
Potions
 f - a potion of haste


   Skills:
 + Level 3.9 Fighting
 + Level 2.6 Axes
 + Level 0.1 Armour
 + Level 2.3 Dodging
 + Level 4.8 Stealth


You had 2 spell levels left.
You didn't know any spells.
Your spell library was empty.

Dungeon Overview and Level Annotations

Branches:
Dungeon (6/15)
 Temple: D:4-7

Altars:


Innate Abilities, Weirdness & Mutations

You have a pair of horns on your head.
You reflexively headbutt those who attack you in melee.


Message History

Something shouts, "Return whence thou came, thou froward pigeon-egg walking sirloin!"
You hear a shout! x3
You hit the howler monkey.
The howler monkey is lightly wounded.
The howler monkey barely misses you. You furiously retaliate!
You headbutt the howler monkey! The howler monkey barely misses you.
You closely miss the howler monkey. You headbutt the howler monkey.
You kill the howler monkey!
You have reached level 2!
You have reached level 3!
Your experience leads to an increase in your attributes!
Increase (S)trength, (I)ntelligence, or (D)exterity?
You feel stronger. x2
A bullfrog skeleton comes into view.
A scorpion comes into view.
Found a stone staircase leading down.
The scorpion barely misses you.
You hit the bullfrog skeleton but do no damage.
You headbutt the bullfrog skeleton! You punch the bullfrog skeleton.
The bullfrog skeleton is moderately damaged.
The bullfrog skeleton closely misses you.
You furiously retaliate!
You headbutt the bullfrog skeleton! You hit the scorpion but do no damage.
You punch the scorpion.
The scorpion is lightly wounded.
The scorpion stings you!
You hit the scorpion.
The scorpion is moderately wounded.
The scorpion stings you.
You closely miss the scorpion.
The scorpion is moderately wounded.
The scorpion stings you!
You slash the scorpion!
The scorpion is severely wounded.
The scorpion barely misses you. The scorpion stings you!
* * * LOW HITPOINT WARNING * * *
You are lethally poisoned!
The scorpion poisons you!
You hit the scorpion but do no damage.
The scorpion is severely wounded.
You die...

,,,,,,*≈,≈,_,≈,≈*,,,,,,,,,,,,,,*
,,,,,,*≈,≈,,,≈,≈#..........,,,,**
,,,,,,*≈,,≈≈≈,,≈*..........,,,,,*
,,,,,,*,≈≈≈≈≈≈≈,*..........,,,***
,,,,,,*,,,,,,,,,*,>.......,,***
,,,,,,,*********,,.......,***
,,,,,,,* ####**##...#****
,,,,,,** ##..####....#* *****
,,,,,,* ##.....@sZ.#,,******,,,,
,,,,,,* #.......####,,**,,,,,,,,
,,,,,*####.......# **,,,,,,,,,,,
,,,,,*#..........#* *,,,,,,,,,,,,
,,.....#..........# *,,,,,,,,,,,,
,,...*##..........# *,,,,,,,,,,,,
,,.***#...........# *,,,,,,,,,,,,
,,** ##...........# **,,,,,,,,,,,
,** #.)..........# *,,,,,,,,,,,


You could see a scorpion and a bullfrog skeleton.

Vanquished Creatures
  A howler monkey (D:6)
  An orc (D:6)
2 creatures vanquished.

Notes
Turn   | Place    | Note
-------+----------+-------------------------------------------
     0 | D:5      | cbfl8 the Minotaur Delver began the quest for the Orb.
     0 | D:5      | Reached XP level 1. HP: 19/19 MP: 0/0
     6 | D:5      | Noticed an orc priest
   118 | D:6      | Noticed a howler monkey
   124 | D:6      | Killed a howler monkey
   125 | D:6      | Reached XP level 2. HP: 27/27 MP: 1/1
   125 | D:6      | Reached XP level 3. HP: 33/33 MP: 2/2
   140 | D:6      | Noticed a scorpion
   150 | D:6      | Succumbed to a scorpion's poison

Illustrated notes

Levels and vault maps discovered:
D:5:      minmay_chambers_of_fours, layout_cave_pools,
          minmay_temple_entry_steel_oval, minmay_pentangle
D:6:      layout_cave_pods, mainiacjoe_overflow_paths

Action                   || total
-------------------------++-------
Melee: Hand axe          ||     9
       Headbutt          ||     2
       Punch             ||     2
  Use: Scroll            ||     1
Dodge: Dodged            ||     7
